 Dungeon Sprint DCSS version 0.28-a0-71-g84acfa7270 (webtiles) character file.

Game seed: 8501284131746563931

226 Zeldest the Gusty (level 6, -21/35 HPs)
             Began as a Vine Stalker Air Elementalist on Aug 2, 2021.
             Was an Initiate of Ru.
             Killed from afar by a deep elf pyromancer (30 damage)
             ... with a bolt of fire
             ... in the Dungeon (Sprint V: "Ziggurat Sprint").
             The game lasted 00:02:38 (96 turns).

Zeldest the Gusty (Vine Stalker Air Elementalist)     Turns: 96, Time: 00:02:39

Health: -21/35     AC:  2    Str: 11    XL:     6   Next: 1%
Magic:  0/10       EV: 14    Int: 15    God:    Ru [......]
Gold:   0          SH:  0    Dex: 16    Spells: 8/9 levels left

rFire   . . .      SeeInvis .     - Unarmed
rCold   . . .      Faith    .   (no shield)
rNeg    . . .      Spirit   +   a - +0 robe
rPois   .          Reflect  .   (no helmet)
rElec   .          Harm     .   (no cloak)
rCorr   .          Rampage  .   (no gloves)
Will    .....      NoTele   +   (no boots)
Stlth   ++........              (no amulet)
HPRegen 1.11/turn               (no ring)
MPRegen 0.12/turn               (no ring)

@: slowed, very slow
A: fangs 2, regeneration 1, magic shield, antimagic bite, no potion heal 2
a: Renounce Religion


You were in the Dungeon.
You worshipped Ru.
Ru was noncommittal.
You visited 1 branch

Inventory:

Armour
 a - a +0 robe (worn)
 B - a +3 buckler
 C - a +3 kite shield
 D - a +3 tower shield
Jewellery
 q - a ring of flight
 r - a +6 ring of dexterity
 s - a +6 ring of dexterity
 t - a +6 ring of intelligence
 u - a +6 ring of intelligence
 v - a +6 ring of strength
 w - a +6 ring of strength
Wands
 x - a wand of mindburst (7)
 y - a wand of iceblast (6)
 z - a wand of acid (5)
Scrolls
 f - 2 scrolls of blinking
 l - 4 scrolls of amnesia
 m - 7 scrolls of fog
 n - a scroll of holy word
 o - 5 scrolls of identify
 p - 2 scrolls of fear
Potions
 b - 10 potions of curing
 c - 6 potions of haste
 d - 7 potions of magic
 e - 3 potions of berserk rage
 g - 2 potions of brilliance
 h - 2 potions of invisibility
 i - 4 potions of resistance
 j - a potion of experience
 k - 5 potions of might
Miscellaneous
 A - a lightning rod (4/4)


   Skills:
 + Level 5.2 Fighting
 + Level 5.1 Dodging
 - Level 2.4 Stealth
 + Level 5.7 Unarmed Combat
 - Level 2.1 Spellcasting
 - Level 1.0 Conjurations
 + Level 6.6 Air Magic


You had 8 spell levels left.
You knew the following spells:

 Your Spells              Type           Power      Damage    Failure   Level
a - Shock                 Conj/Air       52%        1d6       4%          1

Your spell library contained the following spells:

 Spells                   Type           Power      Damage    Failure   Level
 Swiftness                Air            21%        N/A       4%          3
 Static Discharge         Conj/Air       13%        N/A       7%          2
 Airstrike                Air            10%        N/A       14%         4


Dungeon Overview and Level Annotations

Branches:
Dungeon (1/1)

Altars:
Ashenzari
Cheibriados
Dithmenos
Elyvilon
Fedhas
Gozag
Hepliaklqana
Kikubaaqudgha
Makhleb
Nemelex Xobeh
Okawaru
Qazlal
Ru
Sif Muna
Trog
Uskayaw
Vehumet
Wu Jian
Xom
Yredelemnul
Zin
The Shining One
Beogh
Jiyva
Lugonu

Annotations:
D 1 transporter


Innate Abilities, Weirdness & Mutations

You have extremely sharp teeth.
Your natural rate of healing is unusually fast.
When hurt, damage is shared between your health and your magic reserves.
Your bite disrupts and absorbs the magic of your enemies.
Potions cannot restore your health.


Message History

The deep elf zephyrmancer unwields a +0 dagger.
The deep elf zephyrmancer drops a +0 dagger.
The deep elf zephyrmancer picks up a staff of air.
The deep elf zephyrmancer wields a staff of air.
The deep elf knight casts a spell.
The deep elf knight seems to speed up.
The deep elf pyromancer shouts!
Found four items.
Found a transporter.
Aiming: Corrosive Bolt
Press: ? - help, Shift-Dir - straight line, f - deep elf knight
Aim: a deep elf knight, wielding a +0 long sword and wearing a +0 leather armour (fast, 46% to hit)
The bolt of acid hits the deep elf zephyrmancer!
The deep elf zephyrmancer is splashed with acid.
The acid corrodes the deep elf zephyrmancer!
The deep elf zephyrmancer is moderately wounded.
The bolt of acid hits the deep elf knight!
The deep elf knight is splashed with acid!
The acid corrodes the deep elf knight!
The deep elf knight is moderately wounded.
The deep elf pyromancer casts a spell at you.
The bolt of fire misses you.
The deep elf zephyrmancer gestures wildly while chanting.
The deep elf zephyrmancer blinks!
Aiming: Corrosive Bolt
Press: ? - help, Shift-Dir - straight line, p - deep elf knight The bolt of acid hits the deep elf zephyrmancer!
The deep elf zephyrmancer is splashed with acid!
The deep elf zephyrmancer is almost dead.
The bolt of acid misses the deep elf knight.
The deep elf zephyrmancer hits you with a staff of air.
You are electrocuted!
* * * LOW HITPOINT WARNING * * *
The water elemental closely misses you.
Blink to where?
Press: ? - help, Dir - move target
As you read the scroll of blinking, it crumbles to dust.
The deep elf pyromancer casts a spell at you.
The bolt of fire hits you!!
Ouch! That really hurt!
You die...

▓▓▓▓▓▓▓▓▓▓▓▓▓▓▓▓▓▓▓
▓.8@8.▓.8©8.▓.8©8.▓
▓.[=:.▓.||[.▓.....▓
▓.e)..▓.e((.▓.).).▓
▓.....▓.....▓.....▓
▓..e..▓.....▓.....▓
▓.Ee..▓.....▓..©..▓
▓..§..▓..§..▓▓▓▓▓▓▓
▓▓▓▓▓▓▓▓▓▓▓▓▓


You could see a deep elf knight (fast, corroded), a water elemental, a deep elf
pyromancer and a deep elf zephyrmancer (corroded).

Vanquished Creatures
  A slime creature (D)
  A jelly (D)
2 creatures vanquished.

Notes
Turn   | Place    | Note
-------+----------+-------------------------------------------
     0 | D        | Zeldest the Vine Stalker Air Elementalist began the quest
                  | for the Orb.
     0 | D        | Reached XP level 1. HP: 9/9 MP: 4/4
     0 | D        | Found a shimmering blue altar of Sif Muna.
     0 | D        | Found a sacrificial altar of Ru.
     0 | D        | Found a bloodstained altar of Trog.
     0 | D        | Found a stormy altar of Qazlal.
     0 | D        | Found an iron altar of Okawaru.
     0 | D        | Found a sparkling altar of Nemelex Xobeh.
     0 | D        | Found a blossoming altar of Fedhas.
     1 | D        | Found the +6 Majin-Bo {vamp, MP+6 Int+6}
     1 | D        | Found the +9 heavy crossbow "Sniper" {vorpal, Acc+∞ SInv}
     1 | D        | Found the +10 dark maul {vorpal}
     1 | D        | Found the +15 Maxwell's patent armour {-Cast -Tele rElec
                  | Will+ rCorr}
     1 | D        | Found the +18 shield of the Gong {rElec rN+ Will+ EV-5}
     1 | D        | Found the +14 obsidian axe {vorpal, Drain Fly SInv}
     1 | D        | Found the +7 great mace "Firestarter" {inner flame, rF++}
     1 | D        | Found the +6 shillelagh "Devastator" {shatter}
     1 | D        | Found the +11 plutonium sword {Contam Stlth-}
     1 | D        | Found the +8 lance "Wyrmbane" {slay drac, rPois rF+ rC+
                  | AC+3}
     1 | D        | Found the +9 sword of Zonguldrok {reap}
     1 | D        | Found the +13 scythe of Curses {drain, Drain}
     1 | D        | Found the +5 sword of Power {vorpal}
     1 | D        | Found the +7 mace of Variability {chain chaos}
     1 | D        | Found the +7 Singing Sword {vorpal, sonic wave}
     1 | D        | Found the +8 storm bow {elec, penet}
     2 | D        | Found a transporter.
     2 | D        | Found an ancient bone altar of Kikubaaqudgha.
     2 | D        | Found a viscous altar of Jiyva.
     2 | D        | Found a corrupted altar of Lugonu.
     2 | D        | Found a hazy altar of Hepliaklqana.
     2 | D        | Found a burning altar of Makhleb.
     2 | D        | Found an opulent altar of Gozag.
    65 | D        | Became a worshipper of Ru the Awakened
    74 | D        | Entered arena 2.
    74 | D        | Noticed a jelly
    74 | D        | Noticed a slime creature
    74 | D        | Found a transporter.
    75 | D        | Killed a jelly
    76 | D        | Reached skill level 4 in Air Magic
    76 | D        | Reached XP level 2. HP: 16/16 MP: 6/6
    76 | D        | Reached XP level 3. HP: 19/19 MP: 7/7
    78 | D        | Killed a slime creature
    79 | D        | Reached skill level 5 in Fighting
    79 | D        | Reached skill level 5 in Dodging
    79 | D        | Reached skill level 5 in Unarmed Combat
    79 | D        | Reached skill level 6 in Air Magic
    79 | D        | Gained mutation: Your natural rate of healing is unusually
                  | fast. [Vine Stalker growth]
    79 | D        | Reached XP level 4. HP: 27/27 MP: 8/8
    79 | D        | Reached XP level 5. HP: 30/30 MP: 9/9
    79 | D        | Reached XP level 6. HP: 35/35 MP: 10/10
    87 | D        | Entered arena 3.
    87 | D        | Noticed a deep elf archer
    87 | D        | Noticed a +1 vorpal trident
    87 | D        | Noticed a +2 mace of holy wrath
    87 | D        | Found a transporter.
    93 | D        | Entered arena 4.
    93 | D        | Noticed a water elemental
    93 | D        | Noticed a deep elf knight
    93 | D        | Noticed a deep elf pyromancer
    93 | D        | Noticed a deep elf zephyrmancer
    93 | D        | Found a transporter.
    96 | D        | Killed from afar by a deep elf pyromancer

Illustrated notes

Levels and vault maps discovered:
D:        sprint_v [room_start, room_1, room_2, room_3, room_4, room_5, room_6,
          room_7, room_8, room_9, room_10, room_11, room_12, room_13, room_14,
          room_15, room_16, room_17, room_18, room_19, room_20, room_21,
          room_22, room_23, room_24, room_25, room_26, room_27]

Skill      XL: |  1  2  3 |
---------------+----------+-----
Fighting       | 2 5 |  5.2
Dodging        | 2 5 |  5.1
Unarmed Combat | 2 5 |  5.7
Air Magic      | 4 6 |  6.6
Stealth        | |  2.4
Spellcasting   | |  2.1
Conjurations   | |  1.0

Action                   |  1- 3 |  4- 6 || total
-------------------------+-------+-------++-------
Evoke: Wand              |     1 |     2 ||     3
       Lightning rod     |     3 |       ||     3
  Use: Scroll            |       |     2 ||     2
Dodge: Dodged            |       |     2 ||     2

Table legend: (Time is in decaauts)
 A = Elapsed time spent in this place.
 B = Non-inter-level travel time spent in this place.
 C = Inter-level travel time spent in this place.
 D = Time resting spent in this place.
 E = Time spent auto-exploring this place.
 F = Levels seen in this place.
 G = Mean time per level.
                   A        B        C        D        E       F      G
               +--------+--------+--------+--------+--------+-----+--------+
         Total |     97 |     90 |      7 |      0 |      0 |   1 |   97.0 |
       Dungeon |     97 |     90 |      7 |      0 |      0 |   1 |   97.0 |
               +--------+--------+--------+--------+--------+-----+--------+

Top non-repeatable levels by time:
       D: 97 daAuts
